 Dungeon Crawl Stone Soup version 0.31-a0-234-gad7ace16ef (webtiles) character file.

Game seed: 17696470827452475107

25 Nattfarinn the Vexing (level 3, 0/43 HPs)
             Began as a Hill Orc Hexslinger on July 10, 2023.
             Slain by an adder (2 damage)
             ... on level 2 of the Dungeon.
             The game lasted 00:01:27 (774 turns).

Nattfarinn the Vexing (Hill Orc Hexslinger)          Turns: 774, Time: 00:01:28

Health: 0/43       AC: 21    Str: 10    XL:     3   Next: 6%
Magic:  4/4        EV:  2    Int: 13    God:
Gold:   52         SH:  0    Dex: 15    Spells: 3/4 levels left

rFire   . . .        a - +1 sling
rCold   . . .        (no shield)
rNeg    . . .        c - melded +0 robe
rPois   +            (helmet currently unavailable)
rElec   .            (cloak currently unavailable)
rCorr   .            (gloves currently unavailable)
SInv    .            (boots currently unavailable)
Will    .....        (no amulet)
Stlth   +            (no ring)
HPRegen 0.27/turn    (no ring)
MPRegen 0.09/turn

%: no passive effects
@: mighty, brilliant, tree-form, hasted, very quick
A: stationary, stasis, torment immunity, boosted hp
a: no special abilities


You were on level 2 of the Dungeon.
You were a tree.
You visited 1 branch of the dungeon, and saw 2 of its levels.

You collected 52 gold pieces.

Inventory:

Hand Weapons
 a - a +1 sling (weapon)
Armour
 c - a +0 robe (melded)
Scrolls
 b - 2 scrolls of poison
 d - a scroll of silence {unknown}
 g - a scroll of identify {unknown}
 j - 2 scrolls of enchant armour {unknown}


   Skills:
 - Level 2.2 Fighting
 * Level 2.7 Ranged Weapons
 + Level 0.0 Armour
 - Level 1.5 Dodging
 - Level 1.0 Spellcasting
 - Level 3.0 Hexes


You had 3 spell levels left.
You knew the following spells:

 Your Spells              Type           Power      Damage    Failure   Level
a - Slow                  Hex            48%        N/A       9%          1

Your spell library contained the following spells:

 Spells                   Type           Power      Damage    Failure   Level
 Inner Flame              Hex/Fire       6%         N/A       41%         3
 Portal Projectile        Hex/Tloc       12%        N/A       41%         3
 Cause Fear               Hex            6%         N/A       63%         4


Dungeon Overview and Level Annotations

Branches:
Dungeon (2/15)

Altars:


Message History

Fire: a) +1 sling
Press: ? - help, Shift-Dir - straight line, f/p - adder
Aim: an adder (40% to hit)
You shoot a sling bullet. The sling bullet misses the adder.
* * * LOW HITPOINT WARNING * * *
You feel very sick. The adder bites you.
* * * LOW HITPOINT WARNING * * *
The adder bites you.
* * * LOW HITPOINT WARNING * * *
Unknown command.
It was a potion of lignification.
You turn into a tree.
Your +0 robe melds into your body.
Your roots penetrate the ground.
* * * LOW HITPOINT WARNING * * *
You feel sick. The adder bites you but does no damage.
It was a potion of brilliance.
You feel clever all of a sudden.
You feel sick. The adder bites you but does no damage.
It was a potion of might.
You feel very mighty all of a sudden.
You feel sick.
The adder bites you but does no damage. x2
It was a potion of haste.
You feel yourself speed up.
You feel sick. The adder bites you but does no damage.
You shoot a sling bullet. The sling bullet misses the adder.
You feel sick. The adder barely misses you.
You shoot a sling bullet. The sling bullet hits the adder.
The adder is lightly wounded.
You feel sick.
The adder bites you but does no damage. x2
You shoot a sling bullet. The sling bullet hits the adder.
The adder is heavily wounded.
You feel sick.
You are no longer poisoned.
The adder bites you but does no damage.
You shoot a sling bullet. The sling bullet hits the adder.
The adder is heavily wounded.
The adder bites you but does no damage.
You shoot a sling bullet. The sling bullet hits the adder.
The adder is heavily wounded.
The adder bites you.
You die...

.# #.##.##..# .## .#
#.##.##..# #...#
.###.....#..####...#####
.##.#.).................
.###.##...............#
.....##...............#
.#######..............
.#######.#.#.###.S.#
...........#.###♣..#
.#######...........#
############.#######
.............#
##############


You could see an adder.

Vanquished Creatures
  2 endoplasms
  A giant cockroach (D:1)
  2 goblins
  2 hobgoblins (D:1)
  4 quokkas
  4 ball pythons (D:1)
  3 bats (D:1)
  4 frilled lizards (D:1)
  2 rats (D:1)
24 creatures vanquished.

Notes
Turn   | Place    | Note
-------+----------+-------------------------------------------
     0 | D:1      | Nattfarinn the Hill Orc Hexslinger began the quest for the
                  | Orb.
     0 | D:1      | Reached XP level 1. HP: 16/16 MP: 2/2
   187 | D:1      | Reached XP level 2. HP: 24/24 MP: 3/3
   723 | D:2      | Reached XP level 3. HP: 25/29 MP: 4/4
   772 | D:2      | HP: 2/43 [poisoned by an adder]
   774 | D:2      | Slain by an adder

Illustrated notes

Levels and vault maps discovered:
D:1:      minmay_arrival_diagonal_passages, layout_loops_ring, minmay_tromino_v2
D:2:      minmay_skewed_foursquare, layout_loops_ring,
          hellmonk_ecumenical_altar_inner_sanctum, kennysheep_small_spiral,
          uniq_crazy_yiuf_cottage, uniq_robin

Skill      XL: |  1  2 |
---------------+-------+-----
Ranged Weapons | 2 |  2.7
Fighting       | 2 |  2.2
Dodging        | |  1.5
Spellcasting   | |  1.0
Hexes          | |  3.0

Action                     || total
---------------------------++-------
   Fire: Sling             ||    80
   Cast: Slow              ||     2
    Use: Potion            ||     4
 Armour: Robe              ||     5
         Skin              ||     9
  Dodge: Dodged            ||    23

Table legend: (Time is in decaauts)
 A = Elapsed time spent in this place.
 B = Non-inter-level travel time spent in this place.
 C = Inter-level travel time spent in this place.
 D = Time resting spent in this place.
 E = Time spent auto-exploring this place.
 F = Levels seen in this place.
 G = Mean time per level.
                   A        B        C        D        E       F      G
               +--------+--------+--------+--------+--------+-----+--------+
         Total |    794 |    793 |      1 |      0 |    650 |   2 |  397.0 |
       Dungeon |    794 |    793 |      1 |      0 |    650 |   2 |  397.0 |
               +--------+--------+--------+--------+--------+-----+--------+

Top non-repeatable levels by time:
     D:1: 650 daAuts
     D:2: 144 daAuts
